 Dungeon Crawl Stone Soup version 0.20-a0-1018-ge435b50 (webtiles) character file.

126 asd the Skirmisher (level 4, 0/37 HPs)
             Began as a Demonspawn Abyssal Knight on Apr 17, 2017.
             Was a Believer of Lugonu.
             Succumbed to a goblin's poison
             ... on level 2 of the Dungeon.
             The game lasted 00:17:02 (1468 turns).

asd the Skirmisher (Demonspawn Abyssal Knight)      Turns: 1468, Time: 00:17:02

Health: 0/37       AC:  3    Str: 13 (14) XL:     4   Next: 84%
Magic:  6/6        EV: 11    Int: 12 (13) God:    Lugonu [**....]
Gold:   105        SH:  0    Dex: 11 (12) Spells: 3/3 levels left

rFire    . . .     SeeInvis .   a - +1 falchion
rCold    . . .     Gourm    .   (no shield)
rNeg     . . .     Faith    .   b - +0 leather armour
rPois    .         Spirit   .   (no helmet)
rElec    .         Reflect  .   (no cloak)
rCorr    .         Harm     .   (no gloves)
MR       .....                  (no boots)
Stlth    +.........             (no amulet)
Regen    0.2/turn               i - ring of wizardry
MPRegen  0.1/turn               (no ring)

@: lethally poisoned (0 -> -5)
A: hooves 1, spiny 1
a: Depart the Abyss, Bend Space, Renounce Religion


You were on level 2 of the Dungeon.
You worshipped Lugonu.
Lugonu was pleased with you.
You were very hungry.

You visited 1 branch of the dungeon, and saw 2 of its levels.
You visited the Abyss 1 time.

You collected 105 gold pieces.

Inventory:

Hand Weapons
 a - a +1 falchion (weapon)
 m - a +2 battleaxe of freezing
Armour
 b - a +0 leather armour (worn)
Jewellery
 i - a ring of wizardry (left hand)
Scrolls
 d - a scroll of fog {unknown}
 e - a scroll of remove curse {unknown}
 h - a scroll of noise {unknown}
 k - a scroll of amnesia
Potions
 g - 3 potions of degeneration
Comestibles
 c - 3 bread rations
 f - a meat ration
 j - 3 fruits


   Skills:
 + Level 4.0 Fighting
 + Level 3.1 Long Blades
 + Level 2.2 Armour
 + Level 1.6 Dodging
 + Level 2.7 Invocations


You had 3 spell levels left.
You didn't know any spells.

Dungeon Overview and Level Annotations

Branches:
Dungeon (2/15)

Altars:
Gozag
Qazlal

Annotations:
D:2 Robin


Innate Abilities, Weirdness & Mutations

You have large cloven feet.
You are partially covered in sharp spines.


Message History

Lugonu accepts your kill.
Robin says, "Kneel, worm!"
Robin closely misses you.
You feel sick. Robin hits you with a spear.
You hit Robin but do no damage.
You feel sick. Robin hits you with a spear.
* * * LOW HITPOINT WARNING * * *
As you read the scroll labeled GOSTRA EHUEGONT, it crumbles to dust.
It is a scroll of identify.
m - a +2 battleaxe of freezing
* * * LOW HITPOINT WARNING * * *
You feel sick. Robin hits you with a spear.
* * * LOW HITPOINT WARNING * * *
Drop what? 12/52 slots (_ for help) (? for menu, Esc to quit)
Okay, then.
You barely miss Robin. Robin is struck by your spines.
Robin hits you with a spear.
* * * LOW HITPOINT WARNING * * *
You hit Robin.
Robin is lightly wounded.
You die...

#......#..#.#.#.###.# #
#......
#......#.............
.......
#......#..#.#.......
.......
#................... #
#......
#.................. .#
#......
#......#..#..#..#####.##
###.###
##..............)......#
#.
###.###..##.#..##.#####
#.# #.......@##.##
#.###..##.#.)g..<#
#.......#.#####)## .
#.........#####.## .#
#...........g)...# ....
..# #.......#######.##
8...8. ... #.......#
#..#..... .##.#
#<......# #......_. ...#
#......g#######.##.. ..#


You could see Robin.

Vanquished Creatures
  4 gnolls (D:2)
  3 adders (D:2)
  An ooze (D:1)
  A dart slug (D:1)
  2 leopard geckos
  2 giant cockroaches
  12 goblins
  9 hobgoblins
  5 kobolds
  8 bats
  A frilled lizard (D:2)
  5 rats
53 creatures vanquished.

Notes
Turn   | Place    | Note
-------+----------+-------------------------------------------
     0 | Abyss:1  | asd the Demonspawn Abyssal Knight began the quest for the Orb.
     0 | Abyss:1  | Reached XP level 1. HP: 18/18 MP: 2/2
    36 | Abyss:2  | Found a corrupted altar of Lugonu.
   156 | Abyss:4  | Noticed a freezing wraith
   157 | D:1      | Escaped the Abyss
   423 | D:1      | Reached * piety under Lugonu
   429 | D:1      | Gained mutation: You have large cloven feet. [demonic ancestry]
   429 | D:1      | Reached XP level 2. HP: 21/24 MP: 3/3
   761 | D:1      | Gained mutation: You are partially covered in sharp spines. [demonic ancestry]
   761 | D:1      | Reached XP level 3. HP: 22/30 MP: 3/5
   898 | D:2      | Noticed Robin
   899 | D:2      | Reached skill level 1 in Dodging
  1099 | D:2      | Reached XP level 4. HP: 13/37 MP: 6/6
  1300 | D:2      | Found a stormy altar of Qazlal.
  1348 | D:2      | Reached skill level 4 in Fighting
  1419 | D:2      | Found an opulent altar of Gozag.
  1457 | D:2      | Reached ** piety under Lugonu
  1467 | D:2      | HP: 1/37 [Robin/spear (1)]
  1468 | D:2      | Succumbed to a goblin's poison

Vault maps used:
D:1:      lemuel_arrival_cross
D:2:      grunt_gozag_statues, lemuel_round_altar, uniq_robin
Abyss:1:  bh_abyss_exit_choice, hangedman_abyss_or_decor_stabs
Abyss:2:  evilmike_abyss_exit_kraken
Abyss:3:  serial_sigils_hangedman_gut, onia_ninara_dug_in_and_dangerous

Skill      XL: |  1  2  3  4 |
---------------+-------------+-----
Long Blades    | 2 3 |  3.1
Dodging        | 1 |  1.6
Armour         | 2 |  2.2
Fighting       | 4 |  4.0
Invocations    | |  2.7

Action                   |  1- 3 |  4- 6 || total
-------------------------+-------+-------++-------
Melee: Falchion          |    97 |    50 ||   147
       Kick              |    13 |     6 ||    19
Invok: Depart the Abyss  |     1 |       ||     1
       Bend Space        |       |     1 ||     1
  Use: Potion            |     3 |       ||     3
       Scroll            |       |     2 ||     2
  Eat: Chunk             |     1 |       ||     1
Armor: Leather armour    |    26 |     9 ||    35
Dodge: Dodged            |    72 |    18 ||    90
       Rpst.: Falchion   |    21 |     4 ||    25
